 Dungeon Crawl Stone Soup version 0.31-a0-1321-g5021b54cb2 (webtiles) character file.

Game seed: 2931468273095470665

389 IdlyInterested the Trooper (level 6, -1/47 HPs)
             Began as a Demonspawn Fighter on Dec 20, 2023.
             Slain by Prince Ribbit (8 damage)
             ... on level 5 of the Dungeon.
             The game lasted 00:09:03 (3225 turns).

IdlyInterested the Trooper (Demonspawn Fighter)     Turns: 3225, Time: 00:09:03

Health: -1/47      AC: 13    Str: 17    XL:     6   Next: 49%
Magic:  6/6        EV:  6    Int: 10    God:
Gold:   212        SH:  0    Dex: 14    Spells: 5/5 levels left

rFire   . . .        l - +3 short sword
rCold   + . .        (no shield)
rNeg    . . .        t - +0 plate armour
rPois   .            (no helmet)
rElec   .            k - +0 cloak
rCorr   .            r - +0 pair of gloves
SInv    .            (no boots)
Will    .....        (no amulet) Stlth
                     c - ring of protection from cold
HPRegen 0.27/turn    (no ring)
MPRegen 0.20/turn

%: no passive effects
@: no status effects
A: magic regeneration, big brain 1, demonic touch 1
a: no special abilities


You were on level 5 of the Dungeon.
You visited 1 branch of the dungeon, and saw 5 of its levels.

You collected 212 gold pieces.

Inventory:

Hand Weapons
 a - a +0 long sword
 l - a +3 short sword (weapon)
 n - a +1 dagger of venom
Missiles
 f - 39 stones (quivered)
 s - a boomerang
Armour
 k - a +0 cloak (worn)
 r - a +0 pair of gloves (worn)
 t - a +0 plate armour (worn)
Jewellery
 c - a ring of protection from cold (left hand)
Scrolls
 b - a scroll of brand weapon {unknown}
 h - a scroll of noise {unknown}
 i - 2 scrolls of identify {unknown}
 j - a scroll of teleportation {unknown}
 o - a scroll of fear {unknown}
 p - a scroll of vulnerability {unknown}
Potions
 d - 2 potions of might
 e - a potion of berserk rage {unknown}
 g - 2 potions of curing
 m - a potion of enlightenment {unknown}
 q - a potion of magic {unknown}


   Skills:
 - Level 3.0 Fighting
 - Level 3.0 Long Blades
 - Level 3.0 Throwing
 - Level 3.0 Armour
 - Level 3.0 Dodging
 - Level 3.0 Stealth
 - Level 2.6 Shields
 + Level 0.1 Spellcasting


You had 5 spell levels left.
You didn't know any spells.
Your spell library contained the following spells:

 Spells                   Type           Power      Damage    Failure   Level
 Blink                    Tloc           0%         N/A       100%        2
 Lesser Beckoning         Tloc           0%         N/A       100%        2
 Momentum Strike          Conj/Tloc      0%         3d8       100%        2


Dungeon Overview and Level Annotations

Branches:
Dungeon (5/15)
 Temple: D:4-7

Altars:
Dithmenos
Qazlal

Annotations:
D:5 Prince Ribbit


Innate Abilities, Weirdness & Mutations

You regenerate magic rapidly.
You have an unusually large brain. (Int +2)
Your touch may inflict minor irresistible damage on your foes.


Message History

The stone hits Prince Ribbit but does no damage.
Prince Ribbit is moderately wounded.
Throw: 45 stones
Press: ? - help, Q - select action, (/) - cycle Shift-Dir - straight line, f/p - Prince Ribbit
Aim: Prince Ribbit (moderately wounded, 34% to hit)
You throw a stone. The stone closely misses Prince Ribbit.
Throw: 44 stones
Press: ? - help, Q - select action, (/) - cycle Shift-Dir - straight line, f/p - Prince Ribbit
Aim: Prince Ribbit (moderately wounded, 34% to hit)
You throw a stone. The stone closely misses Prince Ribbit.
You miss Prince Ribbit.
Prince Ribbit is moderately wounded.
Prince Ribbit hits you.
You hit Prince Ribbit.
Prince Ribbit is moderately wounded.
Prince Ribbit hits you!
* * * LOW HITPOINT WARNING * * *
You barely miss Prince Ribbit.
Prince Ribbit is moderately wounded.
Prince Ribbit blinks!
Throw: 43 stones
Press: ? - help, Q - select action, (/) - cycle Shift-Dir - straight line, f/p - Prince Ribbit
Aim: Prince Ribbit (moderately wounded, 34% to hit)
You throw a stone. The stone misses Prince Ribbit.
Throw: 42 stones
Press: ? - help, Q - select action, (/) - cycle Shift-Dir - straight line, f/p - Prince Ribbit
Aim: Prince Ribbit (moderately wounded, 34% to hit)
You throw a stone. The stone misses Prince Ribbit.
Throw: 41 stones
Press: ? - help, Q - select action, (/) - cycle Shift-Dir - straight line, f/p - Prince Ribbit
Aim: Prince Ribbit (moderately wounded, 34% to hit)
You throw a stone. The stone closely misses Prince Ribbit.
Throw: 40 stones
Press: ? - help, Q - select action, (/) - cycle Shift-Dir - straight line, f/p - Prince Ribbit
Aim: Prince Ribbit (moderately wounded, 34% to hit)
You throw a stone. The stone barely misses Prince Ribbit.
You hit Prince Ribbit.
Prince Ribbit is heavily wounded.
Prince Ribbit hits you!
You die...

####### #.....#
########.....#
####..>.........#
.......###......#
# #..F@....<.#
###..#########
#....# #.#.##
...#.# #.# #.# #.
#.# # #.# #.#


You could see Prince Ribbit.

Vanquished Creatures
  A black bear (D:4)
  A phantom (D:5)
  A scorpion (D:4)
  An orc wizard (D:3)
  3 gnolls (D:3)
  3 worms (D:2)
  3 dart slugs (D:1)
  10 orcs
  8 endoplasms
  5 giant cockroaches
  6 goblins
  2 hobgoblins
  4 jackals (D:3)
  3 quokkas
  6 ball pythons
  3 bats
  2 frilled lizards (D:1)
  8 kobolds
  7 rats
77 creatures vanquished.

Notes
Turn   | Place    | Note
-------+----------+-------------------------------------------
     0 | D:1      | IdlyInterested the Demonspawn Fighter began the quest for
                  | the Orb.
     0 | D:1      | Reached XP level 1. HP: 18/18 MP: 1/1
   125 | D:1      | Gained mutation: Your touch may inflict minor irresistible
                  | damage on your foes. [demonic ancestry]
   125 | D:1      | Reached XP level 2. HP: 23/24 MP: 2/2
   369 | D:1      | Reached XP level 3. HP: 29/29 MP: 3/3
   375 | D:1      | Reached skill level 1 in Throwing
  1445 | D:3      | Gained mutation: You regenerate magic rapidly. [demonic
                  | ancestry]
  1445 | D:3      | Reached XP level 4. HP: 10/35 MP: 4/4
  1958 | D:3      | Reached skill level 1 in Dodging
  1968 | D:3      | Gained mutation: You have an unusually large brain. (Int
                  | +2) [demonic ancestry]
  1968 | D:3      | Reached XP level 5. HP: 40/41 MP: 5/5
  2593 | D:4      | Noticed a black bear
  2605 | D:4      | Killed a black bear
  2915 | D:4      | Reached XP level 6. HP: 42/47 MP: 6/6
  3073 | D:4      | Found a shadowy altar of Dithmenos.
  3073 | D:4      | Found a stormy altar of Qazlal.
  3176 | D:5      | Entered Level 5 of the Dungeon
  3198 | D:5      | Noticed Prince Ribbit
  3225 | D:5      | Slain by Prince Ribbit

Illustrated notes

Levels and vault maps discovered:
D:1:      onia_arrival_handbag, layout_loops_ring, grunt_decor_junction
D:2:      layout_basic
D:3:      minmay_angry_zag, layout_basic, minmay_curled_crystal,
          kennysheep_cross_room
D:4:      layout_cave_pools, gammafunk_temple_overflow_wave,
          serial_bayou_lagoon_a, lightli_corner_chamber
D:5:      layout_rooms, minmay_temple_entry_grid, uniq_crazy_yiuf_cottage,
          uniq_blork_the_orc, uniq_ijyb, uniq_prince_ribbit1

Skill      XL: |  1  2  3  4  5  6 |
---------------+-------------------+-----
Long Blades    | 2 3 |  3.0
Throwing       | 2 3 |  3.0
Armour         | 3 |  3.0
Dodging        | 1 3 |  3.0
Stealth        | 2 3 |  3.0
Fighting       | |  3.0
Shields        | |  2.6
Spellcasting   | |  0.1

Action                     |  1- 3 |  4- 6 || total
---------------------------+-------+-------++-------
  Melee: Long sword        |   102 |       ||   102
         Touch             |    21 |    16 ||    37
         Short sword       |    11 |   126 ||   137
         Punch             |       |     3 ||     3
  Throw: Stone             |       |    10 ||    10
    Use: Potion            |     1 |       ||     1
 Armour: Scale mail        |    81 |     1 ||    82
         Chain mail        |       |    78 ||    78
         Plate armour      |       |    19 ||    19
  Dodge: Dodged            |    68 |    44 ||   112
  Block: Buckler           |     3 |       ||     3

Table legend: (Time is in decaauts)
 A = Elapsed time spent in this place.
 B = Non-inter-level travel time spent in this place.
 C = Inter-level travel time spent in this place.
 D = Time resting spent in this place.
 E = Time spent auto-exploring this place.
 F = Levels seen in this place.
 G = Mean time per level.
                   A        B        C        D        E       F      G
               +--------+--------+--------+--------+--------+-----+--------+
         Total |   3244 |   2979 |    265 |    358 |   1837 |   5 |  648.8 |
       Dungeon |   3244 |   2979 |    265 |    358 |   1837 |   5 |  648.8 |
               +--------+--------+--------+--------+--------+-----+--------+

Top non-repeatable levels by time:
     D:3: 1113 daAuts
     D:1: 904 daAuts
     D:4: 614 daAuts
     D:2: 566 daAuts
     D:5: 46 daAuts
